 Dungeon Crawl Stone Soup version 0.17.1-3-g152610e (webtiles) character file.

410 Romlok the Conjurer (level 6, -2/42 HPs)
             Began as an Octopode Wizard on Apr 4, 2016.
             Slain by an ice beast (4 damage)
             ... on level 5 of the Dungeon.
             The game lasted 00:38:45 (5148 turns).

Romlok the Conjurer (Octopode Wizard)               Turns: 5148, Time: 00:38:45

Health: -2/42      AC:  1    Str:  8    XL:     6   Next: 89%
Magic:  2/10       EV: 13    Int: 21    God:
Gold:   175        SH:  0    Dex: 10    Spells: 2 memorised, 7 levels left

rFire  . . .     SeeInvis .     r - +2 hand axe (chop)
rCold  . . .     Clarity  .     (no shield)
rNeg   . . .     SustAt   .     a - +0 hat
rPois  .         Gourm    .     (no amulet)
rElec  .         Spirit   .     d - ring of invisibility
rCorr  .         Warding  .     (no ring)
rMut   .         Stasis   .     (no ring)
MR     .....                    (no ring)
Stlth  +++.......               (no ring)
                                (no ring)
                                (no ring)
                                (no ring)

@: very slightly contaminated, not resistant to hostile enchantments, fairly
stealthy
A: almost no armour, amphibious, 8 rings, constrict 8, camouflage 1, gelatinous
body 1
a: Evoke Invisibility


You were on level 5 of the Dungeon.
You were not hungry.

You visited 1 branch of the dungeon, and saw 5 of its levels.

You collected 175 gold pieces.

Inventory:

Hand Weapons
 k - a +1 short sword of speed
 m - a +1 dagger of venom
 r - a +2 hand axe of chopping (weapon)
Missiles
 f - 94 stones (quivered)
Armour
 a - a +0 hat (worn)
Jewellery
 d - a ring of invisibility (left tentacle)
Scrolls
 g - a scroll of remove curse
 h - a scroll of amnesia
 j - 5 scrolls of teleportation
 o - 3 scrolls of identify
Potions
 e - 3 potions of curing
 l - 2 potions of magic
Books
 b - a book of Minor Magic

   Spells                             Type                      Level
   a - Magic Dart                     Conjuration                  1
   b - Blink                          Translocation                2
   c - Call Imp                       Summoning                    2
   d - Repel Missiles                 Charms/Air                   2
   e - Slow                           Hexes                        2
   f - Conjure Flame                  Conjuration/Fire             3
   g - Mephitic Cloud                 Conjuration/Poison/Air       3
Comestibles
 c - 3 bread rations
 i - 2 meat rations
 n - a beef jerky
 q - a royal jelly


   Skills:
 + Level 3.2 Fighting
 + Level 3.6 Dodging
 - Level 2.6 Stealth
 - Level 3.0 Spellcasting
 * Level 4.9 Conjurations
   Level 1.0 Summonings
   Level 1.0 Translocations


You had 7 spell levels left.
You knew the following spells:

 Your Spells              Type           Power        Failure   Level  Hunger
a - Magic Dart            Conj           ###.         1%          1    None
b - Conjure Flame         Conj/Fire      ##......     17%         3    ###....


Dungeon Overview and Level Annotations

Branches:
Dungeon (5/15)
 Temple: D:4-7

Altars:
Gozag
Qazlal

Annotations:
D:3 riffraff's ghost, amateur MiFi


Innate Abilities, Weirdness & Mutations

You cannot wear most types of armour.
You are amphibious.
You can wear up to eight rings at the same time.
You can use your tentacles to constrict eight enemies at once.
Your skin changes colour to match your surroundings (Stealth).
Your rubbery body absorbs attacks (AC +1).


Message History

The ice beast hits you. The ice beast freezes you!
You barely miss the ice beast.
The ice beast is moderately wounded.
The ice beast misses you.
Drink which item? (? for menu, Esc to quit)
Okay, then.
You closely miss the ice beast. You squeeze the ice beast.
The ice beast is moderately wounded.
The ice beast hits you. The ice beast freezes you!
You hit the ice beast.
The ice beast is heavily wounded.
The ice beast hits you.
* * * LOW HITPOINT WARNING * * *
The ice beast freezes you.
* * * LOW HITPOINT WARNING * * *
The ice beast closely misses you.
You hit the ice beast.
The ice beast is heavily wounded.
The ice beast hits you.
You die...

#.# ##.## ####.........#
##.##### #.# #####.#####
.......# #.# #..# ##.###.#
##'## ##.# ##.###.###...##
#.# ##..##.##....)## #.#
#.#.##.#.......## ##.#
................####...##.#
######..........@Y......#.#
#..........####...##.#
#.#.......## ##.#
#.##.....## #.# #.###...##
#####.#### #.# ##'##
#........# #.####.#
#.###.##.#
##...#########.###.##.#
##..................##.#


You could see an ice beast.

Vanquished Creatures
  4 orc priests
  A centaur skeleton (D:4)
  3 orc wizards
  3 gnolls (D:2)
  3 adders
  2 oozes
  2 worms
  4 giant geckos
  14 orcs
  6 goblins
  4 hobgoblins
  8 jackals
  8 kobolds
  A quokka (D:2)
  A ball python (D:3)
  4 bats
  9 giant cockroaches
  5 giant newts
  7 rats
89 creatures vanquished.

Notes
Turn   | Place    | Note
--------------------------------------------------------------
     0 | D:1      | Romlok the Octopode Wizard began the quest for the Orb.
     0 | D:1      | Reached XP level 1. HP: 11/11 MP: 4/4
   515 | D:1      | Reached XP level 2. HP: 16/18 MP: 0/6
   805 | D:1      | Reached skill level 1 in Fighting
  1070 | D:1      | Reached XP level 3. HP: 19/23 MP: 3/7
  1419 | D:2      | Found an opulent altar of Gozag.
  1826 | D:2      | Found a stormy altar of Qazlal.
  2155 | D:2      | Reached XP level 4. HP: 20/29 MP: 5/8
  2160 | D:2      | Learned a level 3 spell: Conjure Flame
  2839 | D:3      | Noticed riffraff's ghost (amateur MiFi)
  3167 | D:3      | Reached XP level 5. HP: 34/34 MP: 4/9
  3519 | D:3      | Reached skill level 4 in Conjurations
  3523 | D:3      | Reached XP level 6. HP: 27/41 MP: 0/10
  4873 | D:5      | Entered Level 5 of the Dungeon
  5147 | D:5      | HP: 2/42 [ice beast (6)]
  5148 | D:5      | Slain by an ice beast

Action                   |  1- 3 |  4- 6 || total
-------------------------+-------+-------++-------
Melee: Unarmed           |    12 |       ||    12
       Short sword       |    23 |       ||    23
       Dagger            |    16 |    90 ||   106
       Hand axe          |       |     5 ||     5
Throw: Stone             |     4 |     3 ||     7
 Cast: Magic Dart        |    50 |    74 ||   124
       Conjure Flame     |       |     1 ||     1
  Use: Potion            |     5 |     3 ||     8
       Scroll            |       |     8 ||     8
 Stab: Sleeping          |     9 |     3 ||    12
  Eat: Chunk             |     4 |     9 ||    13
